 Dungeon Crawl Stone Soup version 0.31.0-32-g396128a36d (webtiles) character file.

Game seed: 14416439281133029013

317 Marvel the Chopper (level 6, 0/53 HPs)
             Began as a Hill Orc Fighter on Mar 24, 2024.
             Slain by a gnoll
             ... wielding a +0 whip
              (3 damage)
             ... on level 4 of the Dungeon.
             The game lasted 00:03:59 (3151 turns).

Marvel the Chopper (Hill Orc Fighter)               Turns: 3151, Time: 00:04:00

Health: 0/53       AC:  7    Str: 23 (25) XL:     6   Next: 45%
Magic:  6/6        EV: 10    Int:  7 (8)  God:
Gold:   217        SH:  4    Dex:  9 (10) Spells: 5/5 levels left

rFire   . . .        B - +10 dagger of Law {freeze, Str+4}
rCold   . . .        c - +0 buckler
rNeg    . . .        b - +0 scale mail
rPois   .            (no helmet)
rElec   .            (no cloak)
rCorr   .            (no gloves)
SInv    .            (no boots)
Will    .....        (no amulet) Stlth
                     (no ring)
HPRegen 0.28/turn    (no ring)
MPRegen 0.10/turn

%: no passive effects
@: mighty
A: no striking features
a: no special abilities


You were on level 4 of the Dungeon.
You visited 1 branch of the dungeon, and saw 4 of its levels.

You collected 217 gold pieces.

Inventory:

Hand Weapons
 a - a +0 war axe
 B - the +10 dagger of Law (weapon) {freeze, Str+4}
   (You found it on level 4 of the Dungeon)

   Str+4:     It affects your strength (+4).
Missiles
 k - 5 boomerangs (quivered)
 q - 3 silver javelins
 r - 3 poisoned darts
Armour
 b - a +0 scale mail (worn)
 c - a +0 buckler (worn)
Jewellery
 v - a ring of willpower
 C - a ring of protection from fire
Scrolls
 g - 2 scrolls of amnesia {unknown}
 h - a scroll of identify {unknown}
 i - a scroll of poison {unknown}
 l - a scroll of revelation {unknown}
 n - a scroll of butterflies {unknown}
 o - a scroll of noise {unknown}
 s - a scroll of fear {unknown}
 t - a scroll of torment {unknown}
 x - a scroll of acquirement {unknown}
 y - a scroll of vulnerability {unknown}
 A - a scroll of teleportation {unknown}
Potions
 d - a potion of might
 e - a potion of invisibility {unknown}
 f - a potion of heal wounds {unknown}
 j - a potion of mutation {unknown}
 m - 2 potions of degeneration
 p - 2 potions of enlightenment {unknown}
 u - 2 potions of brilliance {unknown}
 w - 2 potions of curing {unknown}
 z - a potion of resistance {unknown}


   Skills:
 + Level 4.5 Fighting
 + Level 1.2 Short Blades
 + Level 5.8 Axes
 + Level 4.3 Armour
 + Level 1.4 Dodging
 + Level 0.6 Stealth
 + Level 3.8 Shields


You had 5 spell levels left.
You didn't know any spells.
Your spell library was empty.

Dungeon Overview and Level Annotations

Branches:
Dungeon (4/15)
 Temple: D:4-7

Altars:
Cheibriados
Nemelex Xobeh
Qazlal
Sif Muna
The Shining One


Message History

You are too injured to fight recklessly!
You are too injured to fight recklessly!
You are too injured to fight recklessly!
You are too injured to fight recklessly!
You are too injured to fight recklessly!
You are too injured to fight recklessly!
You are too injured to fight recklessly!
You are too injured to fight recklessly!
You barely miss the gnoll.
The gnoll is moderately wounded.
You block the gnoll's attack. The gnoll misses you.
You hit the gnoll. You freeze the gnoll.
The gnoll is severely wounded.
The gnoll hits you with a +0 flail! The gnoll barely misses you.
The gnoll hits you but does no damage.
You puncture the gnoll! You freeze the gnoll.
You kill the gnoll!
The gnoll barely misses you.
You hit the gnoll but do no damage. The gnoll hits you with a +0 whip.
The gnoll misses you. You block the gnoll's attack.
The giant cockroach bites you but does no damage.
Sorry, you're not good enough to have a special ability.
You feel very mighty all of a sudden. The gnoll closely misses you.
The gnoll hits you from afar with a +0 halberd!
* * * LOW HITPOINT WARNING * * *
You block the gnoll's attack. The giant cockroach bites you.
* * * LOW HITPOINT WARNING * * *
You puncture the gnoll! You freeze the gnoll!
You kill the gnoll!
The giant cockroach bites you.
* * * LOW HITPOINT WARNING * * *
The gnoll hits you with a +0 whip!
* * * LOW HITPOINT WARNING * * *
You block the gnoll's attack.
It was a potion of degeneration.
There was something very wrong with that liquid.
You feel weakened.
You feel dopey.
You feel clumsy. The giant cockroach barely misses you.
The gnoll hits you with a +0 whip.
You die...

.. .......# # ...
......# # ....
########...###+###
....##.....##.........#
......................#
.........?............'
......................#
...##................#
#@.....[...##....#
......Bg).....(..##....#
.....g............#....#
.....#########....#....#
..... #....#....# ....
.....# # ... .....# #
... ....# # #


You could see 2 gnolls and a giant cockroach.

Vanquished Creatures
  A scorpion (D:4)
  A hound (D:3)
  An orc wizard (D:4)
  9 gnolls
  2 adders
  A dart slug (D:2)
  A ribbon worm (D:2)
  9 orcs
  11 bats
  7 endoplasms
  4 giant cockroaches
  9 goblins
  3 hobgoblins
  6 jackals (D:3)
  6 kobolds
  4 quokkas
  6 ball pythons
  2 frilled lizards
  3 rats
86 creatures vanquished.

Notes
Turn   | Place    | Note
-------+----------+-------------------------------------------
     0 | D:1      | Marvel the Hill Orc Fighter began the quest for the Orb.
     0 | D:1      | Reached XP level 1. HP: 19/19 MP: 1/1
   169 | D:1      | Reached XP level 2. HP: 27/27 MP: 2/2
   238 | D:1      | Reached skill level 3 in Axes
   723 | D:1      | Reached XP level 3. HP: 30/33 MP: 3/3
  1532 | D:3      | Reached skill level 4 in Axes
  1533 | D:3      | Reached XP level 4. HP: 39/40 MP: 4/4
  1655 | D:3      | Found the +5 woodcutter's axe
  1883 | D:3      | Found a snail-covered altar of Cheibriados.
  2154 | D:3      | Found a faded altar of an unknown god.
  2227 | D:3      | Reached XP level 5. HP: 43/46 MP: 5/5
  2229 | D:3      | Reached skill level 1 in Dodging
  2437 | D:3      | Found a sparkling altar of Nemelex Xobeh.
  2437 | D:3      | Found a glowing golden altar of the Shining One.
  2437 | D:3      | Found a shimmering blue altar of Sif Muna.
  2612 | D:4      | Reached skill level 5 in Axes
  2731 | D:4      | Identified the +10 dagger of Law {freeze, Str+4}
  2851 | D:4      | Found a stormy altar of Qazlal.
  2970 | D:4      | Reached XP level 6. HP: 34/53 MP: 6/6
  3076 | D:4      | Reached skill level 1 in Short Blades
  3150 | D:4      | HP: 2/53 [gnoll/+0 whip (7)]
  3151 | D:4      | Slain by a gnoll

Illustrated notes

Levels and vault maps discovered:
D:1:      orjb1_clovarrival, layout_basic, chequers_mini_garden
D:2:      layout_rooms, minmay_cupped
D:3:      layout_loops_corners, gammafunk_temple_overflow_claw,
          amcnicky_altar_gilded, hellmonk_ecumenical_altar_dog_temple
D:4:      cheibrodos_fertilizer, layout_gridville, mainiacjoe_overflow_alcove_1,
          uniq_pikel

Skill      XL: |  1  2  3  4  5  6 |
---------------+-------------------+-----
Axes           | 3 4 5 |  5.8
Fighting       | 4 |  4.5
Armour         | 4 |  4.3
Dodging        | 1 |  1.4
Short Blades   | 1 |  1.2
Stealth        | |  0.6
Shields        | |  3.8

Action                     |  1- 3 |  4- 6 || total
---------------------------+-------+-------++-------
  Melee: War axe           |   103 |   105 ||   208
         Dagger            |       |    42 ||    42
    Use: Potion            |       |     3 ||     3
 Armour: Scale mail        |    74 |   140 ||   214
  Dodge: Dodged            |    60 |    78 ||   138
  Block: Buckler           |    29 |    38 ||    67
